 Dungeon Crawl Stone Soup version 0.29.1-13-g9f3cf754e1 (webtiles) character file.

Game seed: 2962004296677768681

108 croobank the Conjurer (level 4, -1/28 HPs)
             Began as an Octopode Conjurer on Feb 1, 2023.
             Slain by an orc wizard
             ... wielding a +0 dagger
              (2 damage)
             ... on level 3 of the Dungeon.
             The game lasted 00:06:30 (2736 turns).

croobank the Conjurer (Octopode Conjurer)           Turns: 2736, Time: 00:06:31

Health: -1/28      AC:  1    Str:  7 (8)  XL:     4   Next: 87%
Magic:  5/7        EV: 13    Int: 19 (20) God:
Gold:   53         SH:  0    Dex:  8 (10) Spells: 3/8 levels left

rFire   + . .      SeeInvis .   g - +0 trident
rCold   . . .      Faith    .   (no shield)
rNeg    . . .      Spirit   .   (helmet restricted)
rPois   .          Reflect  .   (no amulet)
rElec   .          Harm     .   f - ring of protection from fire
rCorr   .          Rampage  .   (no ring)
Will    .....                   (no ring)
Stlth   ++........              (no ring)
HPRegen 0.09/turn               (no ring)
MPRegen 0.10/turn               (no ring)
                                (no ring)
                                (no ring)

@: confused
A: almost no armour, amphibious, 8 rings, camouflage 1, gelatinous body 1,
(nimble swimmer 1), tentacles, wild magic 1
a: no special abilities


You were on level 3 of the Dungeon.
You visited 1 branch of the dungeon, and saw 3 of its levels.

You collected 53 gold pieces.

Inventory:

Hand Weapons
 c - a +0 dagger
 d - a +0 flail
 g - a +0 trident (weapon)
 k - a +0 rapier of flaming
Armour
 i - a +0 tower shield
Jewellery
 f - a ring of protection from fire (left tentacle)
Scrolls
 h - a scroll of identify {unknown}
 l - a scroll of amnesia {unknown}
Potions
 a - a potion of magic


   Skills:
 + Level 1.4 Fighting
 + Level 1.1 Polearms
 + Level 2.7 Dodging
 + Level 3.8 Stealth
 + Level 2.5 Spellcasting
 + Level 4.4 Conjurations


You had 3 spell levels left.
You knew the following spells:

 Your Spells              Type           Power      Damage    Failure   Level
a - Magic Dart            Conj           100%       1d8       4%          1
b - Searing Ray           Conj           50%        2d6       7%          2
c - Wereblood             Tmut           3%         N/A       32%         2

Your spell library contained the following spells:

 Spells                   Type           Power      Damage    Failure   Level
 Foxfire                  Conj/Fire      56%        2x1d6     10%         1
 Conjure Flame            Conj/Fire      14%        6-21      26%         3
 Dazzling Flash           Conj/Hex       28%        N/A       26%         3
 Ensorcelled Hibernation  Hex/Ice        6%         N/A       32%         2
 Passwall                 Tmut/Erth      2%         N/A       32%         2
 Sublimation of Blood     Necr           3%         N/A       32%         2
 Inner Flame              Hex/Fire       3%         N/A       52%         3
 Swiftness                Air            3%         N/A       52%         3
 Flame Wave               Conj/Fire      14%        2d6       63%         4
 Fulminant Prism          Conj/Hex       7%         3d7       63%         4
 Iskenderun's Mystic Bla  Conj/Tloc      14%        2d5       63%         4
 Summon Hydra             Summ           1%         N/A       100%        7


Dungeon Overview and Level Annotations

Branches:
Dungeon (3/15)

Altars:

Shops:
D:3 *[


Innate Abilities, Weirdness & Mutations

You cannot wear most types of armour.
You are amphibious.
You can wear up to eight rings at the same time.
Your skin changes colour to match your surroundings (Stealth+).
Your rubbery body absorbs attacks. (AC +1, EV +1)
((You are camouflaged when in or above water. (Stealth+)))
You have tentacles for arms and can constrict up to eight enemies at once.
Your spells are a little harder to cast, but a little more powerful.


Message History

You are confused.
It was a potion of mutation.
You feel extremely strange.
You feel less in control of your magic. Something hits you.
* * * LOW HITPOINT WARNING * * *
You completely miss something.
You hear some strange, mumbled words.
A puff of flame appears from out of thin air!
The puff of flame hits you. You resist.
* * * LOW HITPOINT WARNING * * *
You miss something. Something hits you but does no damage.
You closely miss something. Something hits you but does no damage.
Okay, then.
You're too confused to cast spells.
You swing at nothing.
Your transformation is almost over.
You feel less confused.
Something hits you but does no damage. x2
You completely miss something.
You hear some strange, mumbled words.
You are confused.
You attack the rock wall.
Something hits you.
* * * LOW HITPOINT WARNING * * *
You attack the rock wall.
Something hits you.
* * * LOW HITPOINT WARNING * * *
You attack the rock wall.
Something hits you but does no damage. x2
You barely miss something.
You hear some strange, mumbled words.
You are more confused.
You attack the rock wall.
Something hits you but does no damage.
You miss something.
You feel less wooden. Something hits you.
* * * LOW HITPOINT WARNING * * *
You're too confused to attack without stumbling around!
You're too confused to attack without stumbling around!
Okay, then.
You're too confused to attack without stumbling around!
You're too confused to attack without stumbling around!
You completely miss something. Something hits you.
You die...

#.# #.#.# #.# #.#.#
#.# #.#.# #.# #.#.#
#.# #.#.# ##.##
###.###.#.# ##.>.##
..........###.....####
#..)){@........#
......)...###.....##.#
.##.#####.# #......#.#
#.# ##.###.#.#### #
... .... #.#.#.. .
.#####.#.#.#.#.# # #.
#.#.#.#.#.# #.
#.#.#.#.####
.#.#.#.#...#


There were no monsters in sight!

Vanquished Creatures
  A hound (D:3)
  Terence (D:2)
  3 orcs (D:3)
  4 endoplasms
  4 giant cockroaches
  5 goblins
  5 hobgoblins
  4 jackals
  2 quokkas (D:1)
  2 ball pythons (D:2)
  A bat (D:2)
  6 frilled lizards
  2 kobolds
  2 rats (D:1)
42 creatures vanquished.

Notes
Turn   | Place    | Note
-------+----------+-------------------------------------------
     0 | D:1      | croobank the Octopode Conjurer began the quest for the Orb.
     0 | D:1      | Reached XP level 1. HP: 11/11 MP: 3/3
   174 | D:1      | Reached XP level 2. HP: 12/17 MP: 1/5
   275 | D:1      | Learned a level 2 spell: Searing Ray
   616 | D:1      | Learned a level 2 spell: Wereblood
  1326 | D:2      | Reached XP level 3. HP: 17/22 MP: 6/6
  1424 | D:2      | Found a faded altar of an unknown god.
  1658 | D:2      | Noticed Terence
  1672 | D:2      | Killed Terence
  1673 | D:2      | Reached skill level 1 in Fighting
  2057 | D:2      | Reached XP level 4. HP: 26/28 MP: 7/7
  2578 | D:3      | Found Textoxuy's Antique Armour Boutique.
  2593 | D:3      | Found Mujuops's Assorted Antiques.
  2720 | D:3      | Reached skill level 1 in Polearms
  2720 | D:3      | HP: 1/28 [something (2)]
  2724 | D:3      | Gained mutation: Your spells are a little harder to cast,
                  | but a little more powerful. [potion of mutation]
  2735 | D:3      | HP: 1/28 [something (3)]
  2736 | D:3      | Slain by an orc wizard

Illustrated notes

Levels and vault maps discovered:
D:1:      scummos_arrival_checkerplants, layout_basic, minmay_tromino_v4_c
D:2:      layout_loops_ring, hellmonk_ecumenical_altar_zigzags,
          chequers_decorated_corner, kennysheep_minor_cross,
          minmay_misc_feat_tower, nicolae_figureground_sparkle, uniq_terence
D:3:      layout_loops_ring, mainiacjoe_overflow_24_doors, serial_shops,
          shop_fountains, shop, shop, shop, shop_statue, minivault_23,
          serial_bayou_pond_e

Skill      XL: |  1  2  3  4 |
---------------+-------------+-----
Stealth        | 3 |  3.8
Fighting       | 1 |  1.4
Polearms       | 1 |  1.1
Dodging        | |  2.7
Spellcasting   | |  2.5
Conjurations   | |  4.4

Action                   |  1- 3 |  4- 6 || total
-------------------------+-------+-------++-------
Melee: Dagger            |     4 |       ||     4
       Constrict         |     7 |     6 ||    13
       Tentacles         |     4 |     2 ||     6
       Trident           |    41 |    36 ||    77
 Cast: Magic Dart        |    24 |       ||    24
       Searing Ray       |     3 |     1 ||     4
  Use: Potion            |       |     4 ||     4
 Stab: Sleeping          |     4 |     3 ||     7
Armor: Skin              |       |     9 ||     9
Dodge: Dodged            |    22 |    23 ||    45
